 Dungeon Sprint DCSS version 0.26.0-20-g3ca415f5b8 (webtiles) character file.

Game seed: 16447503590601471235

9626 SturgillTurtle the Warrior (level 11, -5/126 HPs)
             Began as a Minotaur Fighter on Jan 25, 2021.
             Was the Champion of the Shining One.
             Slain by a sixfirhy (7 damage)
             ... summoned by Frances
             ... in the Dungeon (Sprint III: "The Ten Rune Challenge").
             The game lasted 00:07:11 (3052 turns).

SturgillTurtle the Warrior (Minotaur Fighter)       Turns: 3052, Time: 00:07:11

Health: -5/126     AC:  8    Str: 24    XL:     11   Next: 25%
Magic:  10/10      EV: 10    Int:  5    God:    the Shining One [******]
Gold:   4219       SH: 14    Dex: 10    Spells: 10/10 levels left

rFire    . . .     SeeInvis .   a - +0 war axe
rCold    . . .     Faith    .   c - +0 kite shield
rNeg     + + +     Spirit   .   b - +0 scale mail
rPois    .         Reflect  .   (helmet restricted)
rElec    .         Harm     .   (no cloak)
rCorr    .         Rampage  .   (no gloves)
Will     .....     NoTele   +   (no boots)
Stlth    ..........             (no amulet)
HPRegen  0.31/turn              (no ring)
MPRegen  0.12/turn              (no ring)

@: brilliant, lethally poisoned (-5 -> -6), slowed, glowing, very slow
A: retaliatory headbutt, horns 2
a: Renounce Religion, Divine Shield, Cleansing Flame, Summon Divine Warrior,
Brand Weapon With Holy Wrath


You were in the Dungeon.
You worshipped the Shining One.
The Shining One was exalted by your worship.
You visited 1 branch You collected 4219 gold pieces.

Inventory:

Hand Weapons
 a - a +0 war axe (weapon)
Armour
 b - a +0 scale mail (worn)
 c - a +0 kite shield (worn)
Wands
 q - a wand of polymorph (5)
Scrolls
 j - a scroll of blinking
 k - a scroll of immolation {unknown}
 l - 2 scrolls of identify
 m - 5 scrolls of remove curse
 o - a scroll of holy word {unknown}
Potions
 g - a potion of haste
 h - 2 potions of magic
 p - 2 potions of flight


   Skills:
 + Level 20.7 Fighting
 - Level 16.0 Axes
 + Level 10.7 Armour
 - Level 15.0 Shields


You had 10 spell levels left.
You didn't know any spells.
Your spell library contained the following spells:

 Spells                   Type           Power        Failure   Level
 Confusing Touch          Hex            0%           97%         3
 Gell's Gravitas          Tloc           0%           97%         3
 Petrify                  Tmut/Erth      0%           100%        4
 Metabolic Englaciation   Hex/Ice        0%           100%        5
 Yara's Violent Unravell  Hex/Tmut       0%           100%        5


Dungeon Overview and Level Annotations

Branches:
Dungeon (1/1)

Altars:
Cheibriados
Dithmenos
Elyvilon
Fedhas
Gozag
Hepliaklqana
Kikubaaqudgha
Makhleb
Nemelex Xobeh
Okawaru
Qazlal
Ru
Sif Muna
Trog
Uskayaw
Vehumet
Wu Jian
Xom
Yredelemnul
Zin
The Shining One
Beogh
Jiyva
Lugonu

Shops:
D (

Annotations:
D Frances


Innate Abilities, Weirdness & Mutations

You reflexively headbutt those who attack you in melee.
You have a pair of horns on your head.


Message History

You feel sick. The sixfirhy hits you.
* * * LOW HITPOINT WARNING * * *
The sixfirhy shocks you! The Shining One protects you from harm!
You block the sixfirhy's attack. x2; The sixfirhy barely misses you.
There is an open door here.
* * * LOW HITPOINT WARNING * * *
You feel sick.
It was a potion of brilliance.
You feel clever all of a sudden.
* * * LOW HITPOINT WARNING * * *
You feel sick. The sixfirhy barely misses you. You block the sixfirhy's attack.
You barely miss the sixfirhy.
The sixfirhy hits you but does no damage.
The sixfirhy barely misses you. x2; You block the sixfirhy's attack.
You hit the sixfirhy. Your headbutt misses the sixfirhy.
The sixfirhy is lightly wounded.
* * * LOW HITPOINT WARNING * * *
You feel sick. You block the sixfirhy's attack. The sixfirhy hits you!
You die...

#####..###..#########
#__#∩.#..###..'.#ee.#
#._#..........#.#ee.#
#)##)).......##.#e..≈≈≈
...#))......###.#...##≈
...#)#.##.#.# #.+...#
##'#.#..#.#.# #######
...#'###########################
...#..≈≈§§.#.'(.@3@#.#.#.'...≈≈#
...#.#§§)#.#.#.).##4#.#.##...≈≈#
...'.#.§§#.#.#)).#.#.#.#.#...≈≈≈≈
...#.#..§#.))#...##3#.#.##...≈≈≈≈
▓▓▓▓▓▓▓▓▓▓▓▓▓▓▓▓▓#.#.#.#.#.......
##.#.#.##....... +.#.#.#.#.......
##3#.#.######### #@#####


You could see Frances (fast), a sixfirhy (summoned) and a red devil (summoned).

Vanquished Creatures
  Donald (D)
  Snorg (D)
  A centaur warrior (D)
  An orc high priest (D)
  An unseen horror (D)
  6 deep elf magi (D)
  An orc sorcerer (D)
  A queen bee (D)
  A shadow (D)
  A spatial vortex (D)
  An orc warrior (D)
  A necrophage (D)
  2 centaurs (D)
  An earth elemental (D)
  A water elemental (D)
  A scorpion (D)
  32 killer bees (D)
  A jelly (D)
  An orc priest (D)
  4 orc wizards (D)
  A wizard (D)
  Jessica (D)
  A necromancer (D)
  3 humans (D)
  A kobold demonologist (D)
  10 orcs (D)
  3 rats (D)
80 creatures vanquished.

Notes
Turn   | Place    | Note
-------+----------+-------------------------------------------
     0 | D        | SturgillTurtle the Minotaur Fighter began the quest for the
                  | Orb.
     0 | D        | Reached XP level 1. HP: 19/19 MP: 0/0
     9 | D        | Noticed Jessica
    17 | D        | Killed Jessica
    18 | D        | Reached XP level 2. HP: 20/26 MP: 1/1
   111 | D        | Reached XP level 3. HP: 24/31 MP: 2/2
   176 | D        | Noticed a scorpion
   193 | D        | Killed a scorpion
   194 | D        | Reached skill level 10 in Axes
   194 | D        | Reached XP level 4. HP: 32/39 MP: 3/3
   249 | D        | Noticed a water elemental
   253 | D        | Killed a water elemental
   254 | D        | Reached XP level 5. HP: 33/45 MP: 4/4
   362 | D        | Found a glowing silver altar of Zin.
   363 | D        | Found a glowing golden altar of the Shining One.
   363 | D        | Found a white marble altar of Elyvilon.
   363 | D        | Noticed a deep elf mage
   369 | D        | Killed a deep elf mage
   370 | D        | Reached skill level 5 in Fighting
   370 | D        | Reached XP level 6. HP: 11/56 MP: 5/5
   370 | D        | Reached XP level 7. HP: 13/61 MP: 6/6
   375 | D        | Became a worshipper of the Shining One
   614 | D        | Found a hide-covered altar of Uskayaw.
   614 | D        | Found a roughly hewn altar of Beogh.
   614 | D        | Found an iron altar of Okawaru.
   614 | D        | Found a bloodstained altar of Trog.
   614 | D        | Found an ornate altar of the Wu Jian Council.
   614 | D        | Noticed a human
   614 | D        | Noticed a human
   626 | D        | Killed a human
   627 | D        | Reached skill level 6 in Fighting
   629 | D        | Killed a human
   630 | D        | Reached skill level 7 in Fighting
   829 | D        | Found a basalt altar of Yredelemnul.
   829 | D        | Found a shadowy altar of Dithmenos.
   829 | D        | Found a sacrificial altar of Ru.
   829 | D        | Reached * piety under the Shining One
   831 | D        | Reached ** piety under the Shining One
   832 | D        | Reached skill level 10 in Shields
   852 | D        | Noticed a shadow
   854 | D        | Killed a shadow
   854 | D        | Reached *** piety under the Shining One
   855 | D        | Reached skill level 8 in Fighting
   855 | D        | Reached XP level 8. HP: 74/74 MP: 7/7
   866 | D        | Noticed Snorg
   887 | D        | Killed Snorg
   888 | D        | Reached skill level 10 in Fighting
  1081 | D        | Found a blossoming altar of Fedhas.
  1081 | D        | Found a stormy altar of Qazlal.
  1081 | D        | Found a snail-covered altar of Cheibriados.
  1081 | D        | Found a burning altar of Makhleb.
  1081 | D        | Found a shimmering altar of Xom.
  1082 | D        | Found a hazy altar of Hepliaklqana.
  1082 | D        | Found an opulent altar of Gozag.
  1082 | D        | Found a sparkling altar of Nemelex Xobeh.
  1082 | D        | Found a corrupted altar of Lugonu.
  1082 | D        | Found a viscous altar of Jiyva.
  1089 | D        | Reached XP level 9. HP: 54/86 MP: 8/8
  1220 | D        | Found a radiant altar of Vehumet.
  1220 | D        | Found a shimmering blue altar of Sif Muna.
  1220 | D        | Found an ancient bone altar of Kikubaaqudgha.
  1221 | D        | Reached **** piety under the Shining One
  1226 | D        | Reached skill level 11 in Fighting
  1248 | D        | Found Nyh Ker's Weapon Shoppe.
  1249 | D        | Noticed an orc high priest
  1249 | D        | Reached ***** piety under the Shining One
  1251 | D        | Noticed a red devil
  1251 | D        | Noticed a soul eater
  1251 | D        | Noticed an orc sorcerer
  1260 | D        | Noticed a rust devil
  1267 | D        | Noticed an orange demon
  1267 | D        | HP: 4/84 [orc high priest/+0 scimitar (8)]
  1268 | D        | The Shining One protects you from harm!
  1269 | D        | The Shining One protects you from harm!
  1269 | D        | The Shining One protects you from harm!
  1271 | D        | Killed an orc high priest
  1272 | D        | Reached skill level 13 in Fighting
  1272 | D        | Reached skill level 15 in Shields
  1276 | D        | Killed an orc sorcerer
  1277 | D        | Reached skill level 14 in Fighting
  1656 | D        | Noticed a deep elf mage
  1656 | D        | Noticed a deep elf mage
  1656 | D        | Noticed a deep elf mage
  1656 | D        | Noticed a deep elf mage
  1656 | D        | Noticed a deep elf mage
  1656 | D        | Reached ****** piety under the Shining One
  1863 | D        | Killed a deep elf mage
  1864 | D        | Reached skill level 15 in Fighting
  1874 | D        | Noticed a centaur warrior
  1884 | D        | Killed a centaur warrior
  1885 | D        | Reached skill level 16 in Fighting
  1885 | D        | Reached XP level 10. HP: 39/110 MP: 9/9
  1886 | D        | Reached skill level 17 in Fighting
  2155 | D        | Killed a deep elf mage
  2297 | D        | Killed a deep elf mage
  2298 | D        | Reached skill level 5 in Armour
  2397 | D        | Killed a deep elf mage
  2398 | D        | Reached skill level 18 in Fighting
  2409 | D        | Killed a deep elf mage
  2477 | D        | Reached skill level 19 in Fighting
  2530 | D        | Reached XP level 11. HP: 21/124 MP: 10/10
  2982 | D        | Noticed an unseen horror
  2989 | D        | Killed an unseen horror
  2990 | D        | Reached skill level 20 in Fighting
  3022 | D        | Noticed Donald
  3022 | D        | Noticed Frances
  3028 | D        | Noticed a sixfirhy
  3039 | D        | Killed Donald
  3040 | D        | Reached skill level 10 in Armour
  3044 | D        | HP: 6/126 [sixfirhy[Frances] (11)]
  3047 | D        | The Shining One protects you from harm!
  3048 | D        | The Shining One protects you from harm!
  3049 | D        | HP: 3/126 [poisoned by Frances (curare-tipped dart)]
  3052 | D        | Slain by a sixfirhy

Illustrated notes

Levels and vault maps discovered:
D:        dungeon_sprint_mu [sprint_mu_entry_forest, sprint_mu_temple_rooms,
          sprint_mu_d1_horrors, sprint_mu_d2_genie, sprint_mu_d3_branching,
          sprint_mu_orc_legion, sprint_mu_elf_gauntlet, sprint_mu_hive_nellie,
          sprint_mu_lair_fedhas, sprint_mu_vaults_butterflies,
          sprint_mu_slime_circle, sprint_mu_swamp_cave, sprint_mu_shoals_archi,
          sprint_mu_blade_basic, sprint_mu_crypt_lich, sprint_mu_tomb_spiral,
          sprint_mu_vestibule_basic, sprint_mu_gehenna_hellfire,
          sprint_mu_dis_giant, sprint_mu_tartarus_statrot,
          sprint_mu_cocytus_islands, sprint_mu_zot1]

Skill      XL: |  1  2  3  4  5  6  7  8  9 10 11 |
---------------+----------------------------------+-----
Axes           | 7 8 10 12 16 | 16.0
Fighting       | 5 8 10 16 19 20 | 20.7
Shields        | 6 11 14 15 | 15.0
Armour         | 9 10 | 10.7

Action                   |  1- 3 |  4- 6 |  7- 9 | 10-12 || total
-------------------------+-------+-------+-------+-------++-------
Melee: War axe           |    34 |     8 |    97 |   149 ||   288
       Headbutt          |     3 |     1 |    21 |    20 ||    45
Invok: Divine Shield     |       |       |       |     1 ||     1
  Use: Potion            |       |       |     2 |     4 ||     6
Armor: Scale mail        |     8 |     1 |     9 |    19 ||    37
Dodge: Dodged            |    10 |     2 |    15 |    38 ||    65
Block: Kite shield       |    14 |     1 |    42 |   108 ||   165
